[Event "*** Titled Tuesday Blitz"]
[Site "Chess.com"]
[Date "2021.03.30"]
[Round "5"]
[White "Mr_Sinigami"]
[Black "Soltan49"]
[Result "1-0"]
[WhiteElo "2540"]
[BlackElo "2238"]
[TimeControl "180+1"]
[EndTime "10:54:58 PDT"]
[Termination "Mr_Sinigami won by resignation"]

1. d4 Nf6 2. Nf3 g6 3. Bf4 d5 4. e3 Bg7 5. h3 O-O 6. Be2 c5 7. c3 Nc6 8. O-O Qb6 9. Qb3 c4 10. Qa3 Qd8 11. Nbd2 b5 12. b3 Bd7 13. bxc4 bxc4 14. Rab1 Re8 15. Ne5 Nh5 16. Nxc6 Bxc6 17. Bxh5 gxh5 18. Nf3 f6 19. Bg3 Qd7 20. Rb2 e5 21.
Rfb1 Re6 22. Rb8+ Rxb8 23. Rxb8+ Re8 24. Rxe8+ Qxe8 25. Qxa7 e4 26. Nh4 Qa8 27. Qc7 Bf8 28.
Nf5 Be8 29. Bd6 Bg6 30. Bxf8 Qxf8 31. Ne7+ Kh8 32. Nxd5 Kg8 33. a4 Kh8 34. a5 Bf7 35. Nxf6 Qa8 36. Qxf7 1-0

[Event "*** Titled Tuesday Blitz"]
[Site "Chess.com"]
[Date "2021.03.30"]
[Round "5"]
[White "fabianvivasz"]
[Black "pastouche06"]
[Result "0-1"]
[WhiteElo "2395"]
[BlackElo "2548"]
[TimeControl "180+1"]
[EndTime "10:54:58 PDT"]
[Termination "pastouche06 won on time"]

1. e4 c6 2. d4 d5 3. e5 Bf5 4. Nf3 e6 5. Be2 Ne7 6. O-O Ng6 7. Be3 Nd7 8. Nbd2 f6 9. exf6 Qxf6 10. Nb3 Bd6 11. Qd2 O-O 12. Rae1 e5 13. dxe5 Ndxe5 14.
Nxe5 Qxe5 15. f4 Qxb2 16. Bd3 Bxd3 17. Qxd3 Nxf4 18. Bxf4 Rxf4 19. Rxf4 Bxf4 20. Nd4 Qb6 21. Kh1 Bd6 22. Qe3 Qd8 23. Qe6+ Kh8 24. Nf5 Bf8 25. Re3 Qf6 26. Qd7 Qa1+ 0-1

[Event "*** Titled Tuesday Blitz"]
[Site "Chess.com"]
[Date "2021.03.30"]
[Round "5"]
[White "dennisodessa"]
[Black "Mazanchenko_Dmitry"]
[Result "0-1"]
[WhiteElo "2326"]
[BlackElo "2219"]
[TimeControl "180+1"]
[EndTime "10:54:59 PDT"]
[Termination "Mazanchenko_Dmitry won by resignation"]

1. d4 g6 2. c4 Bg7 3. Nc3 d6 4. e4 Nc6 5. Be3 e5 6. d5 Nd4 7. Nge2 Bg4 8. Qd2 Bxe2 9. Nxe2 Nxe2 10. Bxe2 Ne7 11. h4 f5 12. exf5 Nxf5 13. Bg5 Bf6 14.
O-O-O Bxg5 15. hxg5 O-O 16. Bg4 Nd4 17. Rh3 Qe7 18.
Rdh1 Rf7 19. f3 a6 20. Rh6 b5 21. Qd3 Qxg5+ 22. Kb1 bxc4 23. Qxc4 Rb8 24. Be6 Nxe6 25. dxe6 Re7 26. Rxh7 Rxh7 27. Rxh7 Qd2 28. e7+ Kxh7 29. Qf7+ Kh6 30. Qf8+ Kg5 31. f4+ 0-1

[Event "*** Titled Tuesday Blitz"]
[Site "Chess.com"]
[Date "2021.03.30"]
[Round "5"]
[White "MPGM"]
[Black "davigator"]
[Result "1-0"]
[WhiteElo "2581"]
[BlackElo "2428"]
[TimeControl "180+1"]
[EndTime "10:55:00 PDT"]
[Termination "MPGM won by checkmate"]

1. e4 c5 2. Nf3 Nc6 3. Bb5 g6 4. O-O Bg7 5. Re1 Nf6 6. c3 O-O 7. d4 cxd4 8. cxd4 d5 9. e5 Ne4 10. h3 f6 11. Bxc6 bxc6 12. Nbd2 Bf5 13. Nf1 Qb6 14. exf6 Bxf6 15. Bh6 Rf7 16. Re2 Rd8 17. Ne3 Bc8 18. Rc1 Bb7 19. Ng4 Bg7 20. Bxg7 Kxg7 21.
Nge5 Rf6 22. Qc2 Rdd6 23. Ng4 Rf8 24. Rxe4 dxe4 25. Qxe4 Qd8 26. Re1 Re8 27. Qe5+ Kf7 28. Ng5+ Kg8 29. Nh6+ Kf8 30. Qh8# 1-0

[Event "*** Titled Tuesday Blitz"]
[Site "Chess.com"]
[Date "2021.03.30"]
[Round "5"]
[White "Jospem"]
[Black "Goryachkina"]
[Result "1-0"]
[WhiteElo "2954"]
[BlackElo "2631"]
[TimeControl "180+1"]
[EndTime "10:55:01 PDT"]
[Termination "Jospem won by resignation"]

1. e4 c5 2. Nf3 e6 3. g3 Nc6 4. Bg2 d5 5. exd5 exd5 6. d4 Nf6 7.
O-O Be7 8. dxc5 Bxc5 9. a3 O-O 10. b4 Be7 11. Bb2 Bf5 12. Nc3 Rc8 13. Re1 h6 14. Nd4 Bg6 15. Nxc6 bxc6 16. Na4 Be4 17. c4 Bxg2 18. Kxg2 Ne4 19. Qc2 Bf6 20. Rad1 Ng5 21.
Nc5 Bxb2 22. Qxb2 Re8 23. Rxe8+ Qxe8 24. cxd5 cxd5 25. Rxd5 Qc6 26. Qe5 Rd8 27. Nd7 f6 28.
b5 Qc4 29. Nxf6+ 1-0

[Event "*** Titled Tuesday Blitz"]
[Site "Chess.com"]
[Date "2021.03.30"]
[Round "5"]
[White "Vasily85"]
[Black "Nice_2_M8te_U"]
[Result "0-1"]
[WhiteElo "2411"]
[BlackElo "2571"]
[TimeControl "180+1"]
[EndTime "10:55:01 PDT"]
[Termination "Nice_2_M8te_U won on time"]

1. d4 Nf6 2. Bg5 d5 3. Bxf6 exf6 4. e3 Bd6 5. g3 O-O 6. Bg2 c6 7. Ne2 Be6 8. O-O Nd7 9. b3 a5 10. a4 Re8 11. Qd3 Nf8 12. c4 dxc4 13. bxc4 Qc7 14. c5 Be7 15. Nbc3 Rad8 16. Qc2 h5 17. Nf4 h4 18. Nxe6 Nxe6 19. Rab1 g6 20. Rb6 f5 21. Rfb1 Rb8 22. Qb3 Nd8 23. Ne2 Kg7 24. Nf4 Bg5 25. Nd3 Bf6 26. Nb2 g5 27. Nc4 f4 28. Nd6 Rf8 29.
Nxb7 hxg3 30. hxg3 fxg3 31. Nd6 gxf2+ 32. Kxf2 Rxb6 33.
Qxb6 Qd7 34. Qxa5 Be7 35. Qd2 Bxd6 36. cxd6 Qf5+ 37. Kg3 Qxb1 38. a5 f5 39. e4 Qb3+ 40. Bf3 Ne6 41. exf5 Rxf5 0-1

[Event "*** Titled Tuesday Blitz"]
[Site "Chess.com"]
[Date "2021.03.30"]
[Round "5"]
[White "picturesquecheck"]
[Black "Nozdrachev_Leonid"]
[Result "0-1"]
[WhiteElo "2267"]
[BlackElo "2543"]
[TimeControl "180+1"]
[EndTime "10:55:02 PDT"]
[Termination "Nozdrachev_Leonid won on time"]

1. e4 d6 2. d4 Nf6 3. Nc3 e5 4. Nf3 Nbd7 5. Bc4 Be7 6. O-O O-O 7. a4 c6 8. h3 Qc7 9. Bb3 h6 10. Re1 Re8 11. Be3 Bf8 12. a5 exd4 13. Bxd4 g6 14. Qd2 Bg7 15. Nh2 Nf8 16. Be3 h5 17. Bf4 Rd8 18.
Qe2 Ne6 19. Bg3 Nd4 20. Qe3 Nxb3 21. cxb3 Be6 22. b4 Nd7 23. f4 c5 24. Nf3 cxb4 25.
Nb5 Qc2 26. Nbd4 Qxb2 27. Rab1 Qc3 28. Nxe6 Qxe3+ 29. Rxe3 fxe6 30. Rxb4 Nc5 31. Kh2 Bf6 32. e5 dxe5 33. fxe5 Be7 34. Rb5 Rd1 35. Rc3 b6 36. axb6 axb6 37. Rc4 Raa1 38. Bf4 h4 39. g4 Ra2+ 40. Nd2 g5 41. Be3 Re1 42. Rc3 Re2+ 43. Kh1 Re1+ 0-1

[Event "*** Titled Tuesday Blitz"]
[Site "Chess.com"]
[Date "2021.03.30"]
[Round "5"]
[White "Tsyhanchuk_Stanislav"]
[Black "ChessWarrior3"]
[Result "1-0"]
[WhiteElo "2485"]
[BlackElo "2130"]
[TimeControl "180+1"]
[EndTime "10:55:04 PDT"]
[Termination "Tsyhanchuk_Stanislav won by checkmate"]

1. e4 c5 2. Nf3 d6 3. d4 cxd4 4. Nxd4 Nf6 5. Nc3 a6 6. Be3 e5 7. Nb3 Be6 8. Qd2 Ng4 9. O-O-O Be7 10. g3 O-O 11. f4 Nxe3 12. Qxe3 exf4 13. gxf4 Qc7 14.
f5 h6 15. Kb1 Bc4 16. Bxc4 Qxc4 17. Nd5 Bg5 18. Qf3 Nd7 19. h4 Ne5 20. Qg3 Bd8 21. Rhg1 g6 22. fxg6 fxg6 23. Nd4 Rc8 24. Ka1 Kh7 25. h5 g5 26. Nf5 Rxf5 27. exf5 Qxc2 28. Qe3 Nc4 29. Qd4 Qe2 30. Rge1 Qf3 31. Re8 Qxf5 32. Qh8# 1-0

[Event "*** Titled Tuesday Blitz"]
[Site "Chess.com"]
[Date "2021.03.30"]
[Round "5"]
[White "aljado"]
[Black "Treacherous_horse64"]
[Result "0-1"]
[WhiteElo "2085"]
[BlackElo "2436"]
[TimeControl "180+1"]
[EndTime "10:55:04 PDT"]
[Termination "Treacherous_horse64 won on time"]

1. e4 c6 2. d4 d5 3. exd5 cxd5 4. c4 Nf6 5. Nc3 e6 6. Nf3 Be7 7. Bg5 O-O 8. c5 b6 9. b4 a5 10. a3 axb4 11. axb4 Rxa1 12. Qxa1 bxc5 13. bxc5 Nc6 14. Bd3 Nd7 15. Bxe7 Qxe7 16. Qa4 Bb7 17. O-O Ra8 18. Qb5 Nf6 19. Re1 Qc7 20. Qb1 h6 21. Ne2 Nd7 22.
Qb2 Ba6 23. Bxa6 Rxa6 24. Ng3 Ra4 25. h3 Nf6 26. Qb3 Qa5 27. Qe3 Qb4 28. Rd1 Qc4 29. Ne2 Ne4 30. Nd2 Qc2 31. Rc1 Qxd2 32. Qxd2 Nxd2 33. Nc3 Rc4 34. Rc2 Nb3 0-1

[Event "*** Titled Tuesday Blitz"]
[Site "Chess.com"]
[Date "2021.03.30"]
[Round "5"]
[White "mac0504"]
[Black "Cryptochess"]
[Result "1-0"]
[WhiteElo "2451"]
[BlackElo "2572"]
[TimeControl "180+1"]
[EndTime "10:55:05 PDT"]
[Termination "mac0504 won by resignation"]

1. e4 e5 2. Nf3 Nf6 3. Nxe5 d6 4. Nf3 Nxe4 5. d4 d5 6. Bd3 Bd6 7. O-O O-O 8. c4 c6 9. cxd5 cxd5 10. Nc3 Nxc3 11.
bxc3 Bg4 12. Rb1 Nd7 13. h3 Bh5 14. Rxb7 Nb6 15. Qc2 Bxf3 16. Bxh7+ Kh8 17. gxf3 Qc8 18. Qf5 g6 19. Qf6+ Kxh7 20. Rxf7+ Rxf7 21. Qxf7+ Kh8 22. Bg5 Nd7 23. Re1 Qxc3 24. Re6 Rf8 25. Qxg6 Qxd4 26.
Qh6+ Kg8 27. Rg6+ Kf7 28. Qh7+ Ke8 29. Re6+ 1-0

[Event "*** Titled Tuesday Blitz"]
[Site "Chess.com"]
[Date "2021.03.30"]
[Round "5"]
[White "Bishops83"]
[Black "Trickov"]
[Result "0-1"]
[WhiteElo "2236"]
[BlackElo "2415"]
[TimeControl "180+1"]
[EndTime "10:55:05 PDT"]
[Termination "Trickov won on time"]

1. e4 c5 2. Nf3 d6 3. d4 Nf6 4.
Nc3 cxd4 5. Nxd4 a6 6. f3 e5 7. Nb3 Be6 8. Be3 Nbd7 9. g4 Nb6 10. g5 Nfd7 11. Qd2 Rc8 12. h4 Nc4 13. Bxc4 Rxc4 14.
O-O-O b5 15. Kb1 Be7 16. Nd5 Bxd5 17. Qxd5 Rc8 18. h5 Qc7 19. g6 Qc4 20. Qd2 Nf6 21. Bg5 hxg6 22. hxg6 Rxh1 23. Rxh1 fxg6 24. Bxf6 gxf6 25. Na5 Qe6 26. Rh7 Qg8 27. Qh2 Kd7 28. Qh3+ Qe6 29. Qh6 g5 0-1

[Event "*** Titled Tuesday Blitz"]
[Site "Chess.com"]
[Date "2021.03.30"]
[Round "5"]
[White "Gabix_94"]
[Black "Kislov_Oleg"]
[Result "1-0"]
[WhiteElo "2782"]
[BlackElo "2477"]
[TimeControl "180+1"]
[EndTime "10:55:06 PDT"]
[Termination "Gabix_94 won on time"]

1. e4 e6 2. d4 d5 3. Bd3 Nf6 4. e5 Nfd7 5. c3 c5 6. Nf3 Nc6 7. O-O cxd4 8. cxd4 Qb6 9. Nc3 Nxd4 10. Nxd4 Qxd4 11. Nb5 Qxe5 12. Re1 Qb8 13. Qg4 Nf6 14.
Qa4 Bd7 15. Bf4 Qd8 16. Qb3 Rc8 17. Rac1 Bc5 18. Rxc5 Rxc5 19. Nd6+ Ke7 20. Nxb7 Qb6 21.
Nxc5 Qxc5 22. Rc1 Qb6 23. Qa3+ Ke8 24. Bc7 Qb7 25. Ba6 Qa8 26. Qb4 Bc8 27. Qb5+ Bd7 28. Qc5 Ne4 29. Qd4 f6 30. f3 Ng5 31. Qb4 Kf7 32.
h4 Nxf3+ 33. gxf3 Re8 34. Bb7 1-0

[Event "*** Titled Tuesday Blitz"]
[Site "Chess.com"]
[Date "2021.03.30"]
[Round "5"]
[White "aunqa"]
[Black "AsaHoffmann"]
[Result "1-0"]
[WhiteElo "2252"]
[BlackElo "2385"]
[TimeControl "180+1"]
[EndTime "10:55:06 PDT"]
[Termination "aunqa won by resignation"]

1. e4 d6 2. d4 Nf6 3. Nc3 c6 4. f3 Nbd7 5. Be3 e5 6. Nge2 Be7 7. Qd2 b5 8. a3 Bb7 9. Ng3 g6 10. Be2 Qc7 11. d5 a6 12. dxc6 Bxc6 13. Rd1 Nb6 14. O-O h5 15. Rfe1 Rd8 16. Bd3 d5 17. exd5 Nbxd5 18. Nxd5 Nxd5 19. Bg5 O-O 20. Bxe7 Qxe7 21. Qh6 Qf6 22.
Nxh5 Qh8 23. Qxh8+ Kxh8 24. Ng3 Rfe8 25. Be4 f5 26.
Bd3 Kg7 27. h4 Kf6 28. h5 Nf4 29. hxg6 Nxd3 30. cxd3 Kxg6 31. Rc1 Rd6 32. Rc5 Kf6 33. d4 Bd5 34. Kf2 e4 35. fxe4 fxe4 36. Ke3 Rg8 37. Nh5+ Kg5 38. Nf4 Rgd8 39. Rh1 Kg4 40. Nxd5 Rxd5 41.
Rxd5 Rxd5 42. Kxe4 Rd8 43. d5 Re8+ 44. Kd3 Rd8 45.
Kd4 Rc8 46. d6 Rc2 47. Rd1 Rc8 48. d7 Rd8 49. Ke5 Kg5 50. Ke6 Kg6 51. Ke7 1-0

[Event "*** Titled Tuesday Blitz"]
[Site "Chess.com"]
[Date "2021.03.30"]
[Round "5"]
[White "NishaOnYoutube"]
[Black "The_filthy"]
[Result "0-1"]
[WhiteElo "2168"]
[BlackElo "2323"]
[TimeControl "180+1"]
[EndTime "10:55:06 PDT"]
[Termination "The_filthy won by checkmate"]

1. e4 e6 2. d4 d5 3. Bd3 dxe4 4.
Bxe4 Nf6 5. Bf3 Be7 6. Ne2 O-O 7. O-O c5 8. Nbc3 Nc6 9. Bxc6 bxc6 10. Be3 c4 11.
Ng3 Nd5 12. Qe2 Ba6 13. Nge4 Rb8 14. b3 Qa5 15. Qe1 Nxc3 16. Qxc3 Bb4 17. Qb2 cxb3 18. axb3 Qb5 19. c4 Qb7 20. Rfb1 f5 21. Nc5 Bxc5 22. dxc5 Bxc4 23. Bf4 Bd5 24. Bxb8 Rxb8 25. b4 Qf7 26.
Qe5 Rb7 27. Ra5 f4 28. Rxa7 Rxa7 29. Qb8+ Qf8 30. Qxa7 h6 31. Ra1 Qf5 32. Qb8+ Kh7 33. f3 Qf6 34. Ra8 Qd4+ 35. Kf1 Bc4+ 36. Ke1 Qe3+ 37.
Kd1 Bb3# 0-1

[Event "*** Titled Tuesday Blitz"]
[Site "Chess.com"]
[Date "2021.03.30"]
[Round "5"]
[White "Sofiia_Hryzlova"]
[Black "Bathory44"]
[Result "0-1"]
[WhiteElo "2334"]
[BlackElo "2670"]
[TimeControl "180+1"]
[EndTime "10:55:08 PDT"]
[Termination "Bathory44 won by resignation"]

1. c4 e6 2. Nc3 d5 3. d4 c6 4. Nf3 dxc4 5. e4 b5 6. a4 Bb4 7. Bd2 a5 8. b3 Bxc3 9. Bxc3 b4 10. Bd2 c3 11. Bf4 Nf6 12. Bd3 Ba6 13. O-O h6 14. Ne5 O-O 15. Be3 Nfd7 16. Nc4 Nb6 17.
f4 Nxc4 18. bxc4 Nd7 19. f5 Rb8 20. Qg4 Nf6 21. Qg3 exf5 22. Rxf5 b3 23. Bxh6 Qxd4+ 24. Kh1 Ne8 25. Rg5 c2 26. Rf1 f6 27. Bxg7 fxg5 28.
Bxd4 Rxf1+ 29. Bxf1 c1=Q 30. Qxg5+ Qxg5 0-1

[Event "*** Titled Tuesday Blitz"]
[Site "Chess.com"]
[Date "2021.03.30"]
[Round "5"]
[White "DanielTitichoca"]
[Black "SaqoChess_Twitch"]
[Result "1-0"]
[WhiteElo "2291"]
[BlackElo "2473"]
[TimeControl "180+1"]
[EndTime "10:55:08 PDT"]
[Termination "DanielTitichoca won by checkmate"]

1. c4 e5 2. g3 d6 3. Bg2 Nc6 4. Nc3 Be6 5. b3 g6 6. e3 Bg7 7. Nge2 Nge7 8. O-O O-O 9. d4 exd4 10. Nxd4 Nxd4 11.
exd4 c6 12. Bb2 d5 13. c5 Nf5 14.
Ne2 h5 15. Nf4 Bd7 16. Qd3 Nh6 17. Rfe1 Bf5 18. Qd2 Qd7 19. Nd3 Bh3 20. Ne5 Bxe5 21. dxe5 Bxg2 22. Qxh6 Be4 23. Rxe4 Qe6 24. Rf4 d4 25.
Bxd4 Rad8 26. Bc3 Rd3 27. Rf6 Qd5 28. Rc1 Rd1+ 29. Rxd1 Qxd1+ 30. Kg2 Qd5+ 31. Kh3 Re8 32. e6 Rxe6 33. Rxg6+ fxg6 34. Qg7# 1-0

[Event "*** Titled Tuesday Blitz"]
[Site "Chess.com"]
[Date "2021.03.30"]
[Round "5"]
[White "HouseOfDurin"]
[Black "jraosam"]
[Result "0-1"]
[WhiteElo "2135"]
[BlackElo "1850"]
[TimeControl "180+1"]
[EndTime "10:55:10 PDT"]
[Termination "jraosam won by checkmate"]

1. d4 d5 2. Bg5 Nf6 3. Bxf6 exf6 4. e3 c6 5. c4 Bb4+ 6. Nc3 O-O 7. cxd5 cxd5 8. Ne2 Nc6 9. a3 Ba5 10. b4 Bc7 11. g3 Bg4 12. Bg2 Ne7 13. O-O Qd7 14. Qb3 Rfd8 15. Rfe1 Be6 16. Rac1 a6 17. b5 a5 18. b6 Bb8 19. a4 Nc6 20. Nb5 Ra6 21.
Na3 Nb4 22. Rc5 Bd6 23. Rb5 Qe7 24. Bxd5 Nxd5 25. Qb2 Bxa3 26. Qb1 Nb4 27. e4 Ba2 28. Qd1 h6 29. d5 Qxe4 30. Nc3 Qc2 31. Qxc2 Nxc2 32.
Re7 Bxe7 33. Rb2 Bxd5 34. Rxc2 Rxb6 35. Nxd5 Rxd5 36. h4 Kh7 37. Kg2 Re6 38. Rb2 Bb4 39.
Rc2 Red6 40. Rc7 Rd2 41. h5 Rd7 42. Rc8 Re7 43. Rc4 Ree2 44. Rf4 Bc5 45. Kh3 Rxf2 46. Re4 Rh2+ 47. Kg4 Bd6 48. Re8 Be5 49. Kf5 Rhf2+ 50. Kg4 Rd4+ 51. Kh3 Rf3 52. Kh2 Rxg3 53. Kh1 Rd1+ 54.
Kh2 Rg5+ 55. Kh3 Rh1# 0-1

[Event "*** Titled Tuesday Blitz"]
[Site "Chess.com"]
[Date "2021.03.30"]
[Round "5"]
[White "wadsy27"]
[Black "slavenok"]
[Result "0-1"]
[WhiteElo "2566"]
[BlackElo "2750"]
[TimeControl "180+1"]
[EndTime "10:55:11 PDT"]
[Termination "slavenok won on time"]

1. c4 c5 2. g3 Nc6 3. Bg2 e5 4. Nc3 Nf6 5. Nf3 Be7 6. O-O O-O 7. Ne1 d6 8. Nc2 Be6 9. Ne3 Qd7 10. d3 Bh3 11.
Bd2 Bxg2 12. Kxg2 Rab8 13. a3 h6 14. Rb1 a6 15. b4 cxb4 16. axb4 b5 17. cxb5 axb5 18.
Ncd5 Nxd5 19. Nxd5 Bd8 20. Rc1 Ne7 21. Qb3 Nxd5 22. Qxd5 Kh8 23. Rc6 Be7 24. Rfc1 Rb7 25.
e4 f5 26. exf5 Qxf5 27. Be3 Bg5 28. Qe4 Qf6 29. Bxg5 Qxf2+ 30. Kh3 hxg5 31. Rxd6 Rbf7 32. Qxe5 Qd2 33. Rcc6 g4+ 34. Kxg4 Qxb4+ 35. d4 Qb1 36. Rh6+ Kg8 37. Rcg6 Qd3 38. Qh5 Qe2+ 39. Kh4 Rf4+ 40. gxf4 Qxh2+ 0-1

[Event "*** Titled Tuesday Blitz"]
[Site "Chess.com"]
[Date "2021.03.30"]
[Round "5"]
[White "chesslh19"]
[Black "thechesscorner64"]
[Result "1-0"]
[WhiteElo "2232"]
[BlackElo "2345"]
[TimeControl "180+1"]
[EndTime "10:55:11 PDT"]
[Termination "chesslh19 won on time"]

1. e4 c5 2. Nf3 e6 3. d4 cxd4 4. Nxd4 a6 5. Bd3 Nc6 6. Nxc6 dxc6 7. O-O e5 8. Be3 Nf6 9. h3 Qc7 10. Qe2 Be6 11. c4 Rd8 12. Nc3 Nd7 13. Rac1 Bc5 14.
Rfd1 O-O 15. Na4 Bd4 16. b4 c5 17. a3 Qc6 18. Nc3 Nb6 19. Nd5 Bxd5 20. cxd5 Qa4 21. bxc5 Nd7 22. c6 bxc6 23. dxc6 Nc5 24. Bc4 Qxc6 25.
Bd5 1-0

[Event "*** Titled Tuesday Blitz"]
[Site "Chess.com"]
[Date "2021.03.30"]
[Round "5"]
[White "Vincent_Vega95"]
[Black "Grieve72"]
[Result "1-0"]
[WhiteElo "2727"]
[BlackElo "2474"]
[TimeControl "180+1"]
[EndTime "10:55:12 PDT"]
[Termination "Vincent_Vega95 won on time"]

1. d4 d5 2. c4 e6 3. Nc3 c6 4. Qb3 Nf6 5. Bg5 Nbd7 6. e3 Bd6 7. Nf3 O-O 8. Rd1 h6 9. Bh4 b6 10. Be2 Bb7 11. O-O Qb8 12. cxd5 exd5 13. Bd3 Re8 14.
Qc2 a6 15. Rfe1 c5 16. dxc5 bxc5 17. Bf5 d4 18. exd4 Rxe1+ 19. Nxe1 cxd4 20. Rxd4 Bxh2+ 21. Kh1 Be5 22. Rxd7 Nxd7 23. Bxd7 Bd4 24. Qf5 Qd6 25. Bg3 Qe7 26. Nf3 Bxf3 27. Qxf3 Rd8 28. Bf5 g6 29.
Be4 Qb4 30. Bd5 Rd7 31. Bb3 a5 32. Nd5 Qc5 33. Nf6+ Bxf6 34. Qxf6 Qh5+ 35. Kg1 g5 36. Be5 1-0

[Event "*** Titled Tuesday Blitz"]
[Site "Chess.com"]
[Date "2021.03.30"]
[Round "5"]
[White "Fortitudine"]
[Black "Stormeman100100"]
[Result "0-1"]
[WhiteElo "2263"]
[BlackElo "2505"]
[TimeControl "180+1"]
[EndTime "10:55:12 PDT"]
[Termination "Stormeman100100 won by resignation"]

1. c4 e6 2. Nf3 d5 3. b3 Nf6 4. g3 c5 5. Bg2 d4 6. e3 Nc6 7. exd4 cxd4 8. O-O Be7 9. Re1 O-O 10.
Ne5 Nxe5 11. Rxe5 Nd7 12. Re1 e5 13. d3 Bd6 14. Ba3 Qe7 15. Bxd6 Qxd6 16. Nd2 Nc5 17. Ne4 Nxe4 18. Bxe4 f5 19. Bd5+ Kh8 20. Qe2 Re8 21. Rac1 Rb8 22. Bg2 b6 23. Qh5 Bd7 24. Re2 Re7 25.
Rce1 Rbe8 26. f4 e4 27. dxe4 d3 28. Rd2 fxe4 29. Qd5 Qc5+ 30. Qxc5 bxc5 31. Kf2 Bc6 32. Ke3 Kg8 33. Rb1 Kf7 34. b4 cxb4 35. Rxb4 Rb7 36. a3 Reb8 37. Rxb7+ Rxb7 38. Kd4 Rb3 39. Bxe4 Bxe4 40. Kxe4 Rxa3 41. c5 Rc3 42. Kd4 Rc2 43.
Rxd3 Rxh2 44. Kd5 Ke7 45. Kc6 Rb2 46. Kc7 a5 47. c6 a4 48. Ra3 Rb4 49. Re3+ Kf6 50.
Kd6 Rb3 51. c7 Rxe3 52. c8=Q Rd3+ 0-1

[Event "*** Titled Tuesday Blitz"]
[Site "Chess.com"]
[Date "2021.03.30"]
[Round "5"]
[White "lacafi"]
[Black "Slovak_fighter2000"]
[Result "0-1"]
[WhiteElo "2218"]
[BlackElo "2488"]
[TimeControl "180+1"]
[EndTime "10:55:13 PDT"]
[Termination "Slovak_fighter2000 won on time"]

1. d4 Nf6 2. Nf3 g6 3. c4 Bg7 4.
Nc3 d6 5. e4 O-O 6. Be2 Bg4 7.
O-O Nfd7 8. Be3 Nc6 9. h3 Bxf3 10. Bxf3 e5 11. d5 Nd4 12. Bxd4 exd4 13. Ne2 Qf6 14. g3 c5 15. Bg2 a6 16. Qd3 Rab8 17. f4 b5 18. b3 bxc4 19. Qxc4 a5 20. Rad1 Rb4 21. Qa6 a4 22. bxa4 c4 23. e5 dxe5 24. Qxf6 Bxf6 25.
fxe5 Bxe5 26. Nxd4 Rxa4 27. Nc6 Bxg3 28. Rd2 Bd6 29. Rc2 Rfa8 30. h4 Kg7 31. h5 Nc5 32. Rcf2 f5 33. Rc2 Nd3 34. Rd1 Rxa2 35. Rxc4 Nb2 0-1

[Event "*** Titled Tuesday Blitz"]
[Site "Chess.com"]
[Date "2021.03.30"]
[Round "5"]
[White "Gnechko_Ruslan"]
[Black "SanchezKelvin"]
[Result "1-0"]
[WhiteElo "2466"]
[BlackElo "2608"]
[TimeControl "180+1"]
[EndTime "10:55:16 PDT"]
[Termination "Gnechko_Ruslan won by resignation"]

1. d4 Nf6 2. Nf3 c5 3. e3 g6 4.
Be2 Bg7 5. O-O O-O 6. c4 d6 7. Nc3 Nc6 8. d5 Na5 9. a3 b6 10. Ra2 a6 11. b4 Nb7 12. Bb2 e6 13. e4 exd5 14. exd5 Bg4 15. Ba1 cxb4 16. axb4 a5 17. bxa5 bxa5 18. Nd4 Bxe2 19. Qxe2 Re8 20. Qd2 Nc5 21.
Nc6 Qd7 22. h3 a4 23. Qc2 a3 24. Nb5 Ra4 25. Rxa3 Rxa3 26. Nxa3 Ra8 27. Nb5 Nh5 28. Bxg7 Kxg7 29. Re1 Re8 30. Qc3+ f6 31. Rxe8 Qxe8 32. Nxd6 Qe2 33. Qd4 Qe1+ 34. Kh2 Nb3 35. Qa7+ Kg8 36. Qb8+ Kg7 37. Qxb3 Nf4 38. Qb7+ Kh6 39. Nf7+ Kh5 40.
Qd7 f5 41. Qe7 Qxe7 42. Nxe7 1-0

[Event "*** Titled Tuesday Blitz"]
[Site "Chess.com"]
[Date "2021.03.30"]
[Round "5"]
[White "anon102030"]
[Black "LawrenceTrent"]
[Result "1-0"]
[WhiteElo "2739"]
[BlackElo "2558"]
[TimeControl "180+1"]
[EndTime "10:55:17 PDT"]
[Termination "anon102030 won by resignation"]

1. e4 e5 2. Nc3 Nf6 3. g3 Bc5 4. Bg2 a6 5. d3 d6 6. h3 h6 7.
Nf3 Nc6 8. Be3 b5 9. d4 exd4 10.
Nxd4 Nxd4 11. Bxd4 Bxd4 12. Qxd4 Bb7 13. O-O O-O 14.
Rad1 Nd7 15. f4 Re8 16. Rfe1 Qe7 17. e5 Bxg2 18. Kxg2 b4 19. Nd5 Qd8 20. exd6 cxd6 21. Nxb4 Rxe1 22. Rxe1 Nc5 23. b3 Qd7 24. Nd5 a5 25.
Nb6 Qc6+ 26. Qd5 Qxd5+ 27. Nxd5 Ne6 28. c3 Kf8 29. f5 Nc5 30. Re7 a4 31. b4 Nb3 32.
axb3 axb3 33. Re1 Ra2+ 34. Kf3 Rd2 35. Ke4 b2 36. Rb1 1-0

[Event "*** Titled Tuesday Blitz"]
[Site "Chess.com"]
[Date "2021.03.30"]
[Round "5"]
[White "Zmeeed63"]
[Black "A-Fier"]
[Result "0-1"]
[WhiteElo "2348"]
[BlackElo "2674"]
[TimeControl "180+1"]
[EndTime "10:55:17 PDT"]
[Termination "A-Fier won by checkmate"]

1. d4 Nf6 2. c4 c5 3. d5 e6 4. Nc3 exd5 5. cxd5 d6 6. Nf3 g6 7. Bf4 a6 8. a4 Bg7 9. h3 O-O 10. e3 Re8 11. Nd2 Nbd7 12. Nc4 Ne5 13. Bxe5 dxe5 14. e4 Nh5 15. Be2 Nf4 16. g3 Nxh3 17. a5 Ng5 18. Nb6 Rb8 19. Ra4 f5 20. d6 Be6 21. f4 Nf7 22. d7 Re7 23. Ncd5 Rxd7 24. Nxd7 Bxd7 25. Ra2 fxe4 26. Bc4 Bb5 27. b3 Bxc4 28.
bxc4 exf4 29. gxf4 Bd4 30. Rah2 Qxa5+ 31. Qd2 Qxd2+ 32.
Kxd2 h5 33. Rg2 Kg7 34. Rxh5 b5 35. f5 g5 36. Rgh2 bxc4 37. Rh7+ Kf8 38. Kc1 Be5 39. R2h3 Rd8 40. Nc3 e3 41. Ne2 Rd2 42. Rxe3 Rd5 43. Kc2 Nd6 44. Nc3 Bxc3 45. Kxc3 Rxf5 46. Re6 Nf7 47.
Rxa6 Rf4 48. Ra8+ Ke7 49. Ra7+ Ke6 50. Ra6+ Kd5 51. Rg6 Rf3+ 52. Kc2 Rf5 53. Rgg7 Ne5 54. Rh5 Nf3 55. Kc3 Re5 56. Rd7+ Kc6 57. Rf7 Re3+ 58.
Kxc4 Ne5# 0-1

[Event "*** Titled Tuesday Blitz"]
[Site "Chess.com"]
[Date "2021.03.30"]
[Round "5"]
[White "SHIVACalypso"]
[Black "Artyom_ChessMate"]
[Result "0-1"]
[WhiteElo "2396"]
[BlackElo "2548"]
[TimeControl "180+1"]
[EndTime "10:55:17 PDT"]
[Termination "Artyom_ChessMate won by resignation"]

1. Nf3 d5 2. c4 e6 3. g3 Nf6 4.
Bg2 Be7 5. O-O O-O 6. d4 dxc4 7. Qc2 a6 8. a4 Bd7 9. Ne5 Bc6 10. Nxc6 Nxc6 11.
e3 Na5 12. Nd2 c5 13. dxc5 Rc8 14. b4 cxb3 15. Nxb3 Nxb3 16. Qxb3 Bxc5 17. Qxb7 Qa5 18. Rd1 Rb8 19. Qc6 Rfc8 20. Bd2 Qd8 21. Qf3 Qe7 22. Qe2 Qa7 23. Bc3 Be7 24. Be5 Rb4 25. Bd4 Qc7 26. Qxa6 e5 27. Ba7 e4 28. Rd4 Rb7 29.
Bxe4 Rxa7 30. Qb5 Nxe4 31. Rxe4 Rb7 32. Qa6 Bf6 33. Rd1 h6 34. h4 Rb6 35. Qa5 Qc6 36. Rf4 Ra6 37. Qb4 Qc2 38. Rb1 Rac6 39. Qb5 Rc5 40.
Qb6 Qxa4 41. Rd1 Qxd1+ 0-1

[Event "*** Titled Tuesday Blitz"]
[Site "Chess.com"]
[Date "2021.03.30"]
[Round "5"]
[White "McCarthyStone"]
[Black "NateSolon"]
[Result "0-1"]
[WhiteElo "2417"]
[BlackElo "2565"]
[TimeControl "180+1"]
[EndTime "10:55:18 PDT"]
[Termination "NateSolon won on time"]

1. Nf3 d5 2. c4 e6 3. g3 Nf6 4. Bg2 Be7 5. O-O O-O 6. b3 b6 7.
Bb2 c5 8. cxd5 Nxd5 9. d4 cxd4 10. Nxd4 Bb7 11. Nd2 Nd7 12. N2f3 Bf6 13. Rc1 Nc5 14. a3 Rc8 15. b4 Ne4 16. Qd3 Ng5 17. Nxg5 Bxg5 18.
f4 Be7 19. e4 Nf6 20. Rxc8 Qxc8 21. e5 Bxg2 22. Kxg2 Qb7+ 23. Qf3 Nd5 24. Rc1 Rc8 25. Kf2 a5 26. f5 Bg5 27. Rxc8+ Qxc8 28. fxe6 fxe6 29.
Qg4 Be3+ 30. Kg2 Bxd4 31. Bxd4 axb4 32. axb4 Nxb4 33. Kh3 Nd5 34. Qf3 Qc4 35. Bf2 h6 36. g4 b5 37. Be3 Qd3 38. g5 Qxe3 0-1